 Dungeon Crawl Stone Soup version 0.25.1-2-g60ff931df9 (webtiles) character file.

Game seed: 4490084238214308179

55 DogServant the Stinger (level 3, -3/28 HPs)
             Began as a Naga Venom Mage on Oct 14, 2020.
             Slain by an ice beast (12 damage)
             ... on level 2 of the Dungeon.
             The game lasted 00:02:12 (1862 turns).

DogServant the Stinger (Naga Venom Mage)            Turns: 1862, Time: 00:02:13

Health: -3/28      AC:  6    Str: 10    XL:     3   Next: 93%
Magic:  2/7        EV: 10    Int: 16    God:
Gold:   76         SH:  0    Dex: 11    Spells: 6/7 levels left

rFire    . . .     SeeInvis +   b - +0 whip
rCold    . . .     Gourm    .   (no shield)
rNeg     . . .     Faith    .   a - +0 robe
rPois    +         Spirit   .   (no helmet)
rElec    .         Reflect  .   (no cloak)
rCorr    .         Harm     .   (no gloves)
MR       .....                  (no barding)
Stlth    ++........             (no amulet)
HPRegen  0.09/turn              e - +4 ring of protection
MPRegen  0.10/turn              (no ring)

@: very slow
A: large, see invisible, deformed body, poison resistance, slowness 2, slow
metabolism 1, spit poison 1, AC +1
a: Spit Poison


You were on level 2 of the Dungeon.
You were not hungry.

You visited 1 branch of the dungeon, and saw 2 of its levels.

You collected 76 gold pieces.

Inventory:

Hand Weapons
 b - a +0 whip (weapon)
Armour
 a - a +0 robe (worn)
Jewellery
 e - a +4 ring of protection (left hand)
 i - an uncursed ring of wizardry {unknown}
 l - a +6 ring of strength {unknown}
 n - an uncursed ring of magical power {unknown}
Scrolls
 d - a scroll of teleportation {unknown}
 f - 2 scrolls of identify {unknown}
 h - a scroll of remove curse {unknown}
 k - a scroll of fear {unknown}
 o - a scroll of enchant weapon {unknown}
 q - a scroll of blinking {unknown}
 r - a scroll of fog {unknown}
Potions
 g - a potion of ambrosia {unknown}
 j - a potion of heal wounds {unknown}
 p - a potion of haste {unknown}
 s - a potion of flight {unknown}
Comestibles
 c - 6 rations
 m - 2 chunks of flesh


   Skills:
 - Level 1.5 Dodging
 - Level 3.0 Stealth
 + Level 2.7 Spellcasting
 + Level 2.0 Transmutations
 + Level 4.9 Poison Magic


You had 6 spell levels left.
You knew the following spells:

 Your Spells              Type           Power        Failure   Level  Hunger
a - Sting                 Tmut/Pois      ##..         4%          1    #......

Your spell library contained the following spells:

 Spells                   Type           Power        Failure   Level  Hunger
 Poisonous Vapours        Pois/Air       ##....       11%         2    ##.....
 Ignite Poison            Fire/Tmut/Pois #.......     22%         3    ###....
 Olgreb's Toxic Radiance  Pois           ###.....     26%         4    #####..
 Mephitic Cloud           Conj/Pois/Air  #.......     28%         3    ###....


Dungeon Overview and Level Annotations

Branches:
Dungeon (2/15)

Altars:
Ashenzari
Fedhas

Annotations:
D:2 exclusion: oklob plant, Robin


Innate Abilities, Weirdness & Mutations

You cannot wear boots.
Your serpentine skin is tough. (AC +1)
You have supernaturally acute eyesight. (SInv)
Armour fits poorly on your strangely shaped body.
Your system is resistant to poisons. (rPois)
You cover ground very slowly.
You have a slow metabolism.
You can spit poison.


Message History

Aiming: Sting (safe; 4% risk of failure)
Press: ? - help, Shift-Dir - straight line, f/p - ice beast
Aim: an ice beast (moderately wounded, very poisoned)
The sting hits the ice beast but does no damage.
The ice beast looks even sicker.
The ice beast is moderately wounded.
The ice beast barely misses you.
Casting: Sting (safe; 4% risk of failure)
Confirm with . or Enter, or press ? or * to list all spells.
Aiming: Sting (safe; 4% risk of failure)
Press: ? - help, Shift-Dir - straight line, f/p - ice beast
Aim: an ice beast (moderately wounded, very poisoned)
The sting hits the ice beast but does no damage.
The ice beast looks as sick as possible!
The ice beast is moderately wounded.
You have got your breath back.
The ice beast hits you. The ice beast freezes you!
Ouch! That really hurt!
The ice beast hits you. The ice beast freezes you!
You die...

#.#........## #.#.........##
#.#..........# ##
#............# ##.
##g.........# # ####..
............#.# #.....
#.####..#g..#.#.##### #.#...
#...........Y_.......
..#.#.#. ######..#####@#..###
#.#.#... ##..# #.#..#
#.#...). ##...#####.#..####
#.###.## ##..........#.....#
#.# #.## ##.......######)##.#
#.###.##
#.........####...#.###.......
+.........+.............<....
#.........####...#.###.###.#.
##.......## #.........# #.##


You could see an ice beast (extremely poisoned) and Robin.

Vanquished Creatures
  2 adders (D:2)
  An ooze (D:2)
  A worm (D:2)
  A dart slug (D:1)
  2 leopard geckos (D:2)
  A giant cockroach (D:1)
  6 goblins
  5 hobgoblins
  3 kobolds
  A bat (D:1)
  3 frilled lizards
  A rat (D:2)
27 creatures vanquished.

Vanquished Creatures (others)
  18 toadstools (D:2)
18 creatures vanquished.

Grand Total: 45 creatures vanquished

Notes
Turn   | Place    | Note
-------+----------+-------------------------------------------
     0 | D:1      | DogServant the Naga Venom Mage began the quest for the Orb.
     0 | D:1      | Reached XP level 1. HP: 15/15 MP: 3/3
   244 | D:1      | Reached XP level 2. HP: 22/22 MP: 3/5
  1184 | D:2      | Reached XP level 3. HP: 28/28 MP: 3/6
  1440 | D:2      | Found a blossoming altar of Fedhas.
  1463 | D:2      | Noticed an oklob plant
  1838 | D:2      | Found a shattered altar of Ashenzari.
  1852 | D:2      | Noticed an ice beast
  1855 | D:2      | Noticed Robin
  1862 | D:2      | Slain by an ice beast

Illustrated notes

Levels and vault maps discovered:
D:1:      dpeg_arrival_fog, layout_loops_ring
D:2:      layout_loops_corners, tgw_fedhas, ashenzari_altar_1, first_ration,
          minmay_misc_feat_square, minivault_25, uniq_robin

Skill      XL: |  1  2  3 |
---------------+----------+-----
Transmutations | 2 |  2.0
Dodging        | |  1.5
Stealth        | |  3.0
Spellcasting   | |  2.7
Poison Magic   | |  4.9

Action                   || total
-------------------------++-------
Melee: Whip              ||    19
 Cast: Sting             ||    52
 Abil: Spit Poison       ||     7
  Eat: Chunk             ||     3
Armor: Robe              ||    15
Dodge: Dodged            ||    21
